 Dungeon Crawl Stone Soup version 0.21.0-3-g78d12a8 (webtiles) character file.

3356 EndlessMike the Spear-Bearer (level 9, 0/91 HPs)
             Began as a Demonspawn Warper on Jan 14, 2018.
             Was a Follower of Ru.
             Slain by a death knight
             ... wielding a +0 battleaxe
              (3 damage)
             ... on level 9 of the Dungeon.
             The game lasted 00:19:17 (9061 turns).

EndlessMike the Spear-Bearer (Demonspawn Warper)    Turns: 9061, Time: 00:19:17

Health: 0/91       AC: 15    Str: 19    XL:     9   Next: 73%
Magic:  12/12      EV:  8    Int: 18    God:    Ru [*.....]
Gold:   132        SH:  0    Dex: 13    Spells: 12/12 levels left

rFire    + . .     SeeInvis .   a - +0 spear
rCold    . . .     Gourm    .   (no shield)
rNeg     . . .     Faith    .   y - +3 chain mail "Ebex Vou" {Int+3}
rPois    +         Spirit   .   (helmet restricted)
rElec    .         Reflect  .   D - scarf {repulsion}
rCorr    .         Harm     .   k - +0 pair of gloves
MR       .....                  (no boots)
Stlth    ..........             (no amulet)
HPRegen  0.00/turn              i - ring of wizardry
MPRegen  0.13/turn              (no ring)

@: berserking (expiring), repel missiles, very quick
A: horns 1, icy blue scales 2, fire resistance 1, poison resistance, inhibited
regeneration, spiny 1, no ice magic, no necromancy magic, no summoning magic
a: Renounce Religion


You were on level 9 of the Dungeon.
You worshipped Ru.
Ru was aware of your devotion.
You were hungry.

You visited 2 branches of the dungeon, and saw 11 of its levels.

You collected 474 gold pieces.
You spent 342 gold pieces at shops.

Inventory:

Hand Weapons
 a - a +0 spear (weapon)
 b - a +0 blowgun
 h - a +2 dagger of venom
Missiles
 e - 5 tomahawks of dispersal
 g - 8 javelins (quivered)
 B - 22 poisoned needles
Armour
 k - a +0 pair of gloves (worn)
 y - the +3 chain mail "Ebex Vou" (worn) {Int+3}
   (You found it on level 5 of the Dungeon)

   It affects your intelligence (+3).
 D - a scarf of repulsion (worn)
Jewellery
 i - a ring of wizardry (left hand)
 u - an uncursed ring of ice
Wands
 r - a wand of random effects (8)
 s - a wand of iceblast (3)
 v - a wand of polymorph (18)
Scrolls
 d - a scroll of remove curse
 j - 2 scrolls of fear
 l - 2 scrolls of identify
 q - a scroll of enchant weapon {unknown}
 x - 2 scrolls of enchant armour {unknown}
 C - a scroll of vulnerability
 E - a scroll of amnesia
 F - a scroll of torment
Potions
 m - 8 potions of curing
 o - a potion of heal wounds
 p - a potion of agility {unknown}
 t - 2 potions of lignification
 z - a potion of berserk rage
 A - 5 potions of haste
Books
 c - a book of Spatial Translocations

   Spells                             Type                      Level
   a - Blink                          Translocation                2
   b - Shroud of Golubria             Charms/Translocation         2
   c - Lesser Beckoning               Translocation                3
   d - Gell's Gravitas                Translocation                3
   e - Teleport Other                 Translocation                3
   f - Passage of Golubria            Translocation                4
Comestibles
 f - 10 rations


   Skills:
 - Level 2.0 Fighting
 + Level 12.5 Polearms
 - Level 0.8 Throwing
 - Level 0.8 Armour
 - Level 1.7 Dodging
 - Level 2.0 Spellcasting
   Level 2.6 Translocations


You had 12 spell levels left.
You didn't know any spells.

Dungeon Overview and Level Annotations

Branches:
Dungeon (10/15)            Temple (1/1) D:4
   Lair: D:8-11         Orc: D:9-12

Altars:
Ashenzari
Cheibriados
Dithmenos
Elyvilon
Fedhas
Gozag
Hepliaklqana
Kikubaaqudgha
Makhleb
Nemelex Xobeh
Okawaru
Qazlal
Ru
Sif Muna
Trog
Vehumet
Wu Jian
Xom
Yredelemnul
Zin
The Shining One

Shops:
D:5 }   D:9 ?

Annotations:
D:3 McSplat's ghost, novice FoSu
D:7 Rassilon's ghost, novice CeWr


Innate Abilities, Weirdness & Mutations

You have a pair of small horns on your head.
You are mostly covered in icy blue scales. (AC +3)
Your flesh is heat resistant. (rF+)
You are partially covered in sharp spines.
You cannot study or cast Ice magic.
You cannot study or cast Necromancy magic.
You cannot study or cast Summoning magic.
Your system is resistant to poisons. (rPois)
You do not regenerate when monsters are visible.


Message History

The death knight is severely wounded.
The death knight reflects your damage back at you!
* * * LOW HITPOINT WARNING * * *
The death knight's dark mirror aura disappears.
You puncture the death knight!
The death knight is severely wounded.
The death knight calls down the wrath of Yredelemnul upon you.
Your body is wracked with pain!
* * * LOW HITPOINT WARNING * * *
You are too injured to fight recklessly!
You hit the death knight but do no damage.
The death knight is severely wounded.
You hit the death knight but do no damage.
You headbutt the death knight, but do no damage.
The death knight is severely wounded.
You hit the death knight but do no damage.
You headbutt the death knight!
The death knight is almost dead.
The death knight hits you with a battleaxe.
You die...

............p...........## ##.###
#.......#.#####........?.###.....
##....#.#.# #.#.#####.#.#.#.###
........#.#####.#.# #.##.##.#
..>######.#.......# #.##.##.#
#### #.#.####..# #.##.##.# #
#.#.# #..# #.##.##.# # #.#.# #p.#
#.##.##.# # ######.#.####@.#
#.##.##.# # #..............#
#.##....### ##.#.#########.##
##.#####....
##..##.########.#####.........##
#.#...................#.........
##...#.########.#####...####...#
##...#########.# ##########...#
####.............# #.............
.................# #..........#.#


You could see a death knight.

Vanquished Creatures
  An ugly thing (D:9)
  2 hippogriffs (D:9)
  3 yaks (D:9)
  A wyvern (D:9)
  2 sky beasts (D:9)
  An ice beast (D:9)
  2 ogres
  A centaur (D:9)
  A big kobold (D:9)
  5 bullfrogs
  A wyvern skeleton (D:6)
  2 scorpions (D:4)
  3 howler monkeys (D:9)
  2 crimson imps
  4 bullfrog zombies
  A centaur zombie (D:5)
  2 bullfrog skeletons
  2 jellies
  An orc priest (D:5)
  5 hounds
  2 orc wizards (D:3)
  An iguana (D:6)
  3 worker ants
  2 hound skeletons
  2 worker ant zombies
  5 adders
  A shadow imp (D:5)
  An ooze (D:1)
  4 adder skeletons
  4 worms
  A dart slug (D:1)
  2 leopard geckos
  12 orcs
  7 bats
  2 giant cockroaches
  4 goblins
  5 hobgoblins
  14 jackals
  14 kobolds
  6 quokkas
  A ball python (D:1)
  4 frilled lizards
  6 rats
145 creatures vanquished.

Notes
Turn   | Place    | Note
-------+----------+-------------------------------------------
     0 | D:1      | EndlessMike the Demonspawn Warper began the quest for the Orb.
     0 | D:1      | Reached XP level 1. HP: 16/16 MP: 3/3
    94 | D:1      | Reached skill level 2 in Polearms
   133 | D:1      | Gained mutation: You are partially covered in icy blue scales. (AC +2) [demonic ancestry]
   133 | D:1      | Reached XP level 2. HP: 13/22 MP: 5/5
   716 | D:1      | Reached skill level 3 in Polearms
  1411 | D:2      | Reached XP level 3. HP: 22/27 MP: 6/6
  1908 | D:3      | Reached XP level 4. HP: 23/33 MP: 7/7
  1937 | D:3      | Reached skill level 4 in Polearms
  2017 | D:3      | Noticed McSplat's ghost (novice FoSu)
  2366 | D:3      | Gained mutation: You have a pair of small horns on your head. [demonic ancestry]
  2366 | D:3      | Reached XP level 5. HP: 24/38 MP: 8/8
  2409 | D:3      | Reached skill level 5 in Polearms
  3093 | D:4      | Gained mutation: Your flesh is heat resistant. (rF+) [demonic ancestry]
  3093 | D:4      | Reached XP level 6. HP: 44/44 MP: 9/9
  3362 | D:4      | Reached skill level 6 in Polearms
  3663 | D:4      | Found a staircase to the Ecumenical Temple.
  3676 | Temple   | Entered the Ecumenical Temple
  3727 | Temple   | Became a worshipper of Ru the Awakened
  4643 | D:4      | Reached skill level 7 in Polearms
  4643 | D:4      | Gained mutation: You are partially covered in sharp spines. [demonic ancestry]
  4643 | D:4      | Reached XP level 7. HP: 45/50 MP: 10/10
  4961 | D:5      | Entered Level 5 of the Dungeon
  4961 | D:5      | Found Feamyil's Gadget Shoppe.
  4996 | D:5      | Found a stormy altar of Qazlal.
  5090 | D:5      | Got a smoking chain mail
  5110 | D:5      | Identified the +3 chain mail "Ebex Vou" {Int+3} (You found it on level 5 of the Dungeon)
  5561 | D:5      | Found an ancient bone altar of Kikubaaqudgha.
  5720 | D:6      | Gained mutation: You cannot study or cast Ice magic. [Ru sacrifice]
  5720 | D:6      | Gained mutation: You cannot study or cast Necromancy magic. [Ru sacrifice]
  5720 | D:6      | Gained mutation: You cannot study or cast Summoning magic. [Ru sacrifice]
  5720 | D:6      | Reached * piety under Ru
  5769 | D:6      | Reached skill level 8 in Polearms
  5853 | D:6      | Found a sacrificial altar of Ru.
  6078 | D:6      | Gained mutation: You are mostly covered in icy blue scales. (AC +3) [demonic ancestry]
  6078 | D:6      | Reached XP level 8. HP: 52/56 MP: 11/11
  6260 | D:6      | Reached skill level 9 in Polearms
  6447 | D:7      | Found a shadowy altar of Dithmenos.
  6447 | D:7      | Found a blossoming altar of Fedhas.
  6448 | D:7      | Found an iron altar of Okawaru.
  6460 | D:7      | Noticed Rassilon's ghost (novice CeWr)
  6533 | D:9      | Noticed a hippogriff
  6560 | D:9      | Killed a hippogriff
  6827 | D:9      | Found a shadowy altar of Dithmenos.
  6859 | D:9      | Reached skill level 10 in Polearms
  6885 | D:9      | Noticed a cyan ugly thing
  7156 | D:9      | Killed a red ugly thing
  7156 | D:9      | Reached XP level 9. HP: 23/61 MP: 12/12
  7233 | D:9      | Reached skill level 11 in Polearms
  7732 | D:8      | Noticed a two-headed ogre
  8335 | D:9      | Reached skill level 12 in Polearms
  8540 | D:9      | Found Pitwibes's Magic Scroll Emporium.
  8807 | D:9      | Bought a scroll of vulnerability for 90 gold pieces
  8807 | D:9      | Bought a scroll of identify for 24 gold pieces
  8807 | D:9      | Bought a scroll of identify for 24 gold pieces
  8807 | D:9      | Bought 3 scrolls of identify for 72 gold pieces
  8807 | D:9      | Bought a scroll of amnesia for 42 gold pieces
  8807 | D:9      | Bought a scroll of torment for 90 gold pieces
  8812 | D:9      | Gained mutation: You do not regenerate when monsters are visible. [potion of mutation]
  8812 | D:9      | Gained mutation: Your system is resistant to poisons. (rPois) [potion of mutation]
  8866 | D:10     | Entered Level 10 of the Dungeon
  8866 | D:10     | Noticed a death knight
  9057 | D:9      | HP: 4/91 [mirror damage (2)]
  9061 | D:9      | Slain by a death knight

Skill      XL: |  1  2  3  4  5  6  7  8  9 |
---------------+----------------------------+-----
Polearms       | 2 3 4 5 7 8 10 12 | 12.5
Fighting       | |  2.0
Throwing       | |  0.8
Armour         | |  0.8
Dodging        | |  1.7
Spellcasting   | |  2.0
Translocations | |  2.6

Action                   |  1- 3 |  4- 6 |  7- 9 || total
-------------------------+-------+-------+-------++-------
Melee: Spear             |    13 |       |    73 ||    86
       Dagger            |    99 |   174 |   245 ||   518
       Headbutt          |       |    28 |    56 ||    84
Throw: Javelin           |       |     4 |       ||     4
Invok: Sacrifice Arcana  |       |       |     1 ||     1
Evoke: Wand              |       |       |    11 ||    11
  Use: Scroll            |       |     5 |    13 ||    18
       Potion            |       |       |     4 ||     4
  Eat: Chunk             |     2 |     7 |    13 ||    22
       Ration            |       |     1 |       ||     1
Armor: Leather armour    |    38 |    37 |     8 ||    83
       Chain mail        |       |       |   166 ||   166
Dodge: Dodged            |    80 |   101 |    93 ||   274
       Deflected         |       |       |     1 ||     1
